 Dungeon Crawl Stone Soup version 0.30-a0-1043-g60ff8d5f49 (webtiles) character file.

Game seed: 35089718984792905

88 Esekla the Covert (level 4, 0/31 HPs)
             Began as an Octopode Delver on Apr 9, 2023.
             Succumbed to a scorpion's poison
             ... on level 5 of the Dungeon.
             The game lasted 00:01:14 (88 turns).

Esekla the Covert (Octopode Delver)                   Turns: 88, Time: 00:01:14

Health: 0/31       AC:  1    Str: 11    XL:     4   Next: 53%
Magic:  4/4        EV: 13    Int: 14    God:
Gold:   4          SH:  0    Dex: 13    Spells: 3/3 levels left

rFire   . . .      SeeInvis .    a - +0 falchion
rCold   . . .      Faith    .    (no shield)
rNeg    . . .      Spirit   .    (helmet restricted)
rPois   .          Reflect  .    (no amulet)
rElec   .          Rampage  .    (no ring)
rCorr   .                        (no ring)
Will    .....                    (no ring)
Stlth   +++++                    (no ring)
HPRegen 0.25/turn                (no ring)
MPRegen 0.09/turn                (no ring)
                                 (no ring)
                                 (no ring)

@: lethally poisoned (0 -> -3)
A: almost no armour, amphibious, 8 rings, camouflage 1, gelatinous body 1,
(nimble swimmer 1), tentacles
a: no special abilities


You were on level 5 of the Dungeon.
You visited 1 branch of the dungeon, and saw 1 of its levels.

You collected 4 gold pieces.

Inventory:

Hand Weapons
 a - a +0 falchion (weapon)
Wands
 f - a wand of digging (3)
Scrolls
 b - a scroll of fog
 d - a scroll of fear
Potions
 e - a potion of haste


   Skills:
 + Level 3.4 Fighting
 + Level 2.3 Long Blades
 + Level 2.2 Dodging
 + Level 8.2 Stealth


You had 3 spell levels left.
You didn't know any spells.
Your spell library was empty.

Dungeon Overview and Level Annotations

Branches:
Dungeon (5/15)
 Temple: D:4-7

Altars:
Okawaru
Uskayaw

Annotations:
D:5 Sigmund


Innate Abilities, Weirdness & Mutations

You cannot wear most types of armour.
You are amphibious.
You can wear up to eight rings at the same time.
Your skin changes colour to match your surroundings (Stealth+).
Your rubbery body absorbs attacks. (AC +1, EV +1)
((You are camouflaged when in or above water. (Stealth+)))
You have tentacles for arms and can constrict up to eight enemies at once.


Message History

You have reached level 2!
You have reached level 3!
Your experience leads to an increase in your attributes!
Increase (S)trength, (I)ntelligence, or (D)exterity?
You feel clever. x2
You closely miss the scorpion. Your grab misses the scorpion.
Your squeeze misses the scorpion. The scorpion closely misses you.
You hit the scorpion. You grab the scorpion. Your squeeze misses the scorpion.
The scorpion is lightly wounded.
You constrict the scorpion. The scorpion barely misses you.
The scorpion stings you!
You hit the scorpion but do no damage.
The scorpion is moderately wounded.
You constrict the scorpion. The scorpion stings you.
You slash the scorpion!
The scorpion is severely wounded.
You constrict the scorpion, but do no damage.
The scorpion stings you.
You are poisoned.
The scorpion poisons you!
You hit the scorpion but do no damage. You squeeze the scorpion.
The scorpion is severely wounded.
You constrict the scorpion.
You feel very sick. The scorpion stings you.
* * * LOW HITPOINT WARNING * * *
The scorpion closely misses you.
Okay, then.
You hit the scorpion.
You kill the scorpion!
* * * LOW HITPOINT WARNING * * *
You feel sick.
Your Stealth skill increases to level 8!
You have reached level 4!
Okay, then.
Okay, then.
There is a lethal amount of poison in your body!
* * * LOW HITPOINT WARNING * * *
You feel sick.
You die...

*,*,*............#
,*,,,............#
*,,,,.J..........#
,*,,,............#
*,,,_..#########.#
,*,,,,,* *** #.#
*,,,,,,****,* #.#
,*,,,,,,,**,* #.#
*,,,,,**,**,* #@#
,*,*****,**,***#.#
*,*,****,,,,,,*#.#
,*,**,,,,,,,***#.#
*,*,*,******* #.#
,*,**,* #.#
*,*,,,* #.#
,*,**,* ###.##
*,*,*,* #....#


There were no monsters in sight!

Vanquished Creatures
  A scorpion (D:5)
  A hound (D:5)
2 creatures vanquished.

Notes
Turn   | Place    | Note
-------+----------+-------------------------------------------
     0 | D:5      | Esekla the Octopode Delver began the quest for the Orb.
     0 | D:5      | Reached XP level 1. HP: 16/16 MP: 1/1
     5 | D:5      | Found an iron altar of Okawaru.
     5 | D:5      | Found a hide-covered altar of Uskayaw.
    14 | D:5      | Noticed Sigmund
    62 | D:5      | Noticed a hound
    65 | D:5      | Noticed a jelly
    66 | D:5      | Noticed a scorpion
    80 | D:5      | Killed a hound
    81 | D:5      | Reached skill level 7 in Stealth
    81 | D:5      | Reached XP level 2. HP: 17/21 MP: 2/2
    81 | D:5      | Reached XP level 3. HP: 21/26 MP: 3/3
    86 | D:5      | Killed a scorpion
    86 | D:5      | HP: 1/26 [poisoned by a scorpion]
    87 | D:5      | Reached skill level 8 in Stealth
    87 | D:5      | Reached XP level 4. HP: 2/31 MP: 4/4
    88 | D:5      | Succumbed to a scorpion's poison

Illustrated notes

Levels and vault maps discovered:
D:5:      layout_basic, kennysheep_ying_yang, overflow_temple_1_default,
          jmf_multi_god_temple, uniq_sigmund, uniq_prince_ribbit1

Skill      XL: |  1  2  3 |
---------------+----------+-----
Stealth        | 7 8 |  8.2
Fighting       | |  3.4
Long Blades    | |  2.3
Dodging        | |  2.2

Action                     |  1- 3 |  4- 6 || total
---------------------------+-------+-------++-------
  Melee: Falchion          |    10 |       ||    10
         Constrict         |     2 |       ||     2
         Tentacles         |     2 |       ||     2
    Use: Scroll            |     1 |       ||     1
  Dodge: Dodged            |     8 |       ||     8

Table legend: (Time is in decaauts)
 A = Elapsed time spent in this place.
 B = Non-inter-level travel time spent in this place.
 C = Inter-level travel time spent in this place.
 D = Time resting spent in this place.
 E = Time spent auto-exploring this place.
 F = Levels seen in this place.
 G = Mean time per level.
                   A        B        C        D        E       F      G
               +--------+--------+--------+--------+--------+-----+--------+
         Total |     90 |     90 |      0 |      0 |      0 |   1 |   90.0 |
       Dungeon |     90 |     90 |      0 |      0 |      0 |   1 |   90.0 |
               +--------+--------+--------+--------+--------+-----+--------+

Top non-repeatable levels by time:
     D:5: 90 daAuts
